 Dungeon Crawl Stone Soup version 0.28-a0-1344-g6b9ff3a05d (webtiles) character file.

Game seed: 224502684117552252

3 Deminshera the Bolt Thrower (level 1, 0/12 HPs)
             Began as a Kobold Hunter on Dec 29, 2021.
             Slain by a hobgoblin (1 damage)
             ... on level 1 of the Dungeon.
             The game lasted 00:00:26 (328 turns).

Deminshera the Bolt Thrower (Kobold Hunter)          Turns: 328, Time: 00:00:26

Health: 0/12       AC:  3    Str:  9    XL:     1   Next: 55%
Magic:  1/1        EV: 14    Int: 12    God:
Gold:   21         SH:  0    Dex: 15    Spells: 0/0 levels left

rFire   . . .      SeeInvis .   b - +0 short sword
rCold   . . .      Faith    .   (no shield)
rNeg    . . .      Spirit   .   c - +0 leather armour
rPois   .          Reflect  .   (no helmet)
rElec   .          Harm     .   (no cloak)
rCorr   .          Rampage  .   (no gloves)
Will    .....                   (no boots)
Stlth   +++.......              (no amulet)
HPRegen 0.04/turn               (no ring)
MPRegen 0.07/turn               (no ring)

@: no status effects
A: small, no large weapons, nightstalker 3
a: no special abilities


You were on level 1 of the Dungeon.
You visited 1 branch of the dungeon, and saw 1 of its levels.

You collected 21 gold pieces.

Inventory:

Hand Weapons
 a - a +1 hand crossbow
 b - a +0 short sword (weapon)
Missiles
 d - 20 bolts
Armour
 c - a +0 leather armour (worn)


   Skills:
 - Level 2.1 Fighting
 - Level 4.8 Crossbows
 - Level 2.4 Dodging
 + Level 2.2 Stealth


You couldn't memorise any spells.
You didn't know any spells.
Your spell library was empty.

Dungeon Overview and Level Annotations

Branches:
Dungeon (1/15)

Altars:


Innate Abilities, Weirdness & Mutations

You are small and have problems with some larger weapons.
You are completely attuned to the shadows.


Message History

You hit the rat.
You kill the rat!
No target in view!
No target in view!
HP restored.
Things that are here:
a rat corpse; a ball python corpse A hobgoblin comes into view.
Found a book of Burglary.
A dart slug comes into view.
Found 10 gold pieces.
A goblin comes into view. It is wielding a +0 dagger.
The goblin shouts!
The hobgoblin hits you.
You hit the hobgoblin but do no damage. The hobgoblin hits you.
A frilled lizard comes into view.
You hit the hobgoblin.
The hobgoblin is lightly wounded.
The hobgoblin hits you.
There are monsters nearby!
You are too injured to fight recklessly!
You are too injured to fight recklessly!
You are too injured to fight recklessly!
You are too injured to fight recklessly!
The hobgoblin misses you.
The dart slug briefly extends its eye-stalks.
The dart slug launches a dart at you. The slug dart hits you.
* * * LOW HITPOINT WARNING * * *
You hit the hobgoblin.
The hobgoblin is almost dead.
The hobgoblin hits you but does no damage.
You closely miss the hobgoblin.
The hobgoblin is almost dead.
The hobgoblin hits you.
* * * LOW HITPOINT WARNING * * *
You hit the hobgoblin but do no damage.
The hobgoblin is almost dead.
The hobgoblin hits you.
You die...

.. #### #... .# .
...# #... .#.# ##.#
#..##:$# .#.#
#..#.# .#.#
##.g..## .#.#
#.......# .#.#
###########g###.##.
.#.# #......@gwl.#
#.# #.#
#.########### ..
#.### ###.........
#...###.....#######
#.............
#.#.###.......
...#.# ###.....
...... .....#
...#.## ##


You could see a dart slug, a hobgoblin, a goblin and a frilled lizard.

Vanquished Creatures
  An endoplasm (D:1)
  A ball python (D:1)
  A frilled lizard (D:1)
  A rat (D:1)
4 creatures vanquished.

Notes
Turn   | Place    | Note
-------+----------+-------------------------------------------
     0 | D:1      | Deminshera the Kobold Hunter began the quest for the Orb.
     0 | D:1      | Reached XP level 1. HP: 12/12 MP: 1/1
   328 | D:1      | Slain by a hobgoblin

Illustrated notes

Levels and vault maps discovered:
D:1:      dpeg_arrival_castle, layout_loops_ring, basic_ecumenical_altar,
          serial_co_window_serial, co_window_corner_a,
          co_window_of_opportunity_a, co_window_of_opportunity_a,
          co_window_corner_a, co_window_paths_b, co_window_paths_a,
          co_window_corner_a, co_window_of_opportunity_a, co_window_corner_a,
          co_window_corner_cb, co_window_corner_cb, co_window_broadway_c,
          glass_columns_a, glass_columns_a, glass_columns_a, glass_columns_c,
          hangedman_abyss_or_decor_stabs, minmay_tromino_v7

Skill      XL: |  1 |
---------------+----+-----
Stealth        | 2 |  2.2
Fighting       | |  2.1
Crossbows      | |  4.8
Dodging        | |  2.4

Action                   || total
-------------------------++-------
Melee: Short sword       ||    19
 Stab: Sleeping          ||     1
Armor: Leather armour    ||     5
Dodge: Dodged            ||    12

Table legend: (Time is in decaauts)
 A = Elapsed time spent in this place.
 B = Non-inter-level travel time spent in this place.
 C = Inter-level travel time spent in this place.
 D = Time resting spent in this place.
 E = Time spent auto-exploring this place.
 F = Levels seen in this place.
 G = Mean time per level.
                   A        B        C        D        E       F      G
               +--------+--------+--------+--------+--------+-----+--------+
         Total |    331 |    331 |      0 |      0 |    287 |   1 |  331.0 |
       Dungeon |    331 |    331 |      0 |      0 |    287 |   1 |  331.0 |
               +--------+--------+--------+--------+--------+-----+--------+

Top non-repeatable levels by time:
     D:1: 331 daAuts
